 Dungeon Crawl Stone Soup version 0.24-a0-581-gc0fa660 (webtiles) character file.

Game seed: 12738052901368570401

612 KarmaPolice the Covert (level 7, -27/53 HPs)
             Began as a Vampire Assassin on Aug 26, 2019.
             Killed from afar by an orc (35 damage)
             ... with an exploding inner flame
             ... hexed by the player character
             ... on level 5 of the Dungeon.
             The game lasted 00:14:26 (3460 turns).

KarmaPolice the Covert (Vampire Assassin)           Turns: 3460, Time: 00:14:27

Health: -27/53     AC:  3    Str: 11    XL:     7   Next: 20%
Magic:  7/7        EV: 12    Int: 14    God:
Gold:   169        SH:  0    Dex: 16    Spells: 6/6 levels left

rFire    . . .     SeeInvis +   a - +2 dagger
rCold    . . .     Gourm    .   (no shield)
rNeg     . . .     Faith    .   b - +0 robe
rPois    .         Spirit   .   (no helmet)
rElec    .         Reflect  .   c - +0 cloak
rCorr    .         Harm     .   (no gloves)
MR       .....                  (no boots)
Stlth    ++++......             (no amulet)
HPRegen  0.37/turn              (no ring)
MPRegen  0.10/turn              (no ring)

@: regenerating quickly
A: no food, fangs 3, see invisible, unbreathing
a: Exsanguinate


You were on level 5 of the Dungeon.
You were alive.

You visited 1 branch of the dungeon, and saw 7 of its levels.

You collected 169 gold pieces.

Inventory:

Hand Weapons
 a - a +2 dagger (weapon)
Missiles
 d - 7 poisoned darts (quivered)
 e - 2 curare-tipped darts
Armour
 b - a +0 robe (worn)
 c - a +0 cloak (worn)
Scrolls
 h - 2 scrolls of teleportation
 i - a scroll of enchant armour
 j - a scroll of remove curse
 m - a scroll of fog {unknown}
 o - a scroll of fear {unknown}
 q - a scroll of amnesia {unknown}
Potions
 f - a potion of ambrosia
 g - 3 potions of magic
 k - a potion of degeneration {unknown}
 r - a potion of agility
 t - a potion of heal wounds {unknown}


   Skills:
 + Level 3.9 Fighting
 + Level 4.7 Short Blades
 + Level 3.5 Throwing
 - Level 1.1 Dodging
 + Level 8.4 Stealth


You had 6 spell levels left.
You didn't know any spells.
Your spell library was empty.

Dungeon Overview and Level Annotations

Branches:
Dungeon (7/15)
 Temple: D:4-7

Altars:
Dithmenos
Wu Jian

Portals:
Sewer: D:6

Annotations:
D:7 Harold, Prince Ribbit


Innate Abilities, Weirdness & Mutations

You do not eat.
Your natural rate of healing is unusually fast.
You have razor-sharp teeth.
You have supernaturally acute eyesight. (SInv)
You can survive without breathing.


Message History

The orc hits you with a +0 morningstar.
You closely miss the orc.
The orc is almost dead.
Okay, then.
As you read the scroll labeled LITEEN WODAAZ, it crumbles to dust.
The creatures around you are filled with an inner flame!
It was a scroll of immolation.
The orc barely misses you.
You hit the orc but do no damage.
The orc is almost dead.
The orc barely misses you.
You hit the orc.
The orc explodes!
The fiery explosion engulfs the sky beast!!
The sky beast explodes!
The fiery explosion engulfs you!!!
Ouch! That really hurt!
* * * LOW HITPOINT WARNING * * *
The fiery explosion engulfs you!!
Ouch! That really hurt!
You die...

#.....).# #####..#####
#..O...?
#.......####...>.......
#.......
#................######
#.......
#......[.)..###..#
#>......
#.......#######.##
#######'####
#.......#._.#...#
#≈≈≈≈≈≈.≈≈≈≈
#.......#...#...#
#≈..Y.......
#(......#...#..(#
#≈..w...Y§..
#.......##'##.§@#
#≈..#######.
##########.##§§§#####≈..#
. #....§§w.w.#≈..#
##########.'...# ###≈..#
#≈..# #≈..# #≈....
#≈.....


You could see a dart slug.

Vanquished Creatures
  A sky beast (D:5)
  A bullfrog (D:6)
  A howler monkey (D:6)
  2 hounds
  A centaur skeleton (D:6)
  An orc wizard (D:3)
  2 worker ants
  A bullfrog skeleton (D:5)
  4 gnolls
  8 adders
  A shadow imp (D:5)
  2 oozes (D:2)
  2 worms
  2 dart slugs (D:1)
  4 leopard geckos
  9 orcs
  2 giant cockroaches (D:3)
  4 goblins
  10 hobgoblins
  10 jackals
  3 ball pythons
  12 bats
  4 frilled lizards
  3 kobolds
  8 rats
98 creatures vanquished.

Notes
Turn   | Place    | Note
-------+----------+-------------------------------------------
     0 | D:1      | KarmaPolice the Vampire Assassin began the quest for the
                  | Orb.
     0 | D:1      | Reached XP level 1. HP: 16/16 MP: 1/1
   129 | D:1      | Reached skill level 6 in Stealth
   165 | D:1      | Reached XP level 2. HP: 22/22 MP: 2/2
   753 | D:1      | Reached XP level 3. HP: 18/27 MP: 3/3
  1092 | D:2      | Reached XP level 4. HP: 34/34 MP: 4/4
  1094 | D:2      | Found an ornate altar of the Wu Jian Council.
  1269 | D:2      | Found a faded altar of an unknown god.
  1746 | D:2      | Reached skill level 7 in Stealth
  1746 | D:2      | Reached XP level 5. HP: 17/40 MP: 5/5
  2133 | D:3      | HP: 1/40 [orc wizard/magic dart (7)]
  2782 | D:3      | Reached XP level 6. HP: 35/47 MP: 6/6
  2879 | D:4      | You fall into a shaft and drop 3 floors!
  2915 | D:7      | Noticed Harold
  2922 | D:7      | Noticed a hippogriff
  2931 | D:7      | Noticed Prince Ribbit
  3037 | D:5      | Entered Level 5 of the Dungeon
  3273 | D:6      | Reached skill level 8 in Stealth
  3327 | D:6      | Found a glowing drain.
  3365 | D:5      | Found a shadowy altar of Dithmenos.
  3402 | D:5      | Reached XP level 7. HP: 46/53 MP: 7/7
  3460 | D:5      | Killed from afar by an orc

Levels and vault maps discovered:
D:1:      minmay_arrival_cross, layout_basic
D:2:      layout_loops_corners, old_standard_altar,
          chequers_ecumenical_altar_simple_redux, chequers_jeans
D:3:      minmay_diamond_boxcup, layout_basic
D:4:      layout_cave_pools, nicolae_overflow_hidden_temple, first_ration
D:5:      layout_rooms, nicolae_qazlal_style_of_elements, gammafunk_ghost_arena,
          kennysheep_path_1, grunt_dithmenos_shadows
D:6:      layout_gridville, minmay_temple_entry_enclosed_plants,
          gup_sewer_entry_glass, hangedman_decor_growths
D:7:      layout_rooms, tgw_trog, kennysheep_mini_moat, the_bakery,
          minmay_stone_trees_small, uniq_harold, uniq_prince_ribbit1

Skill      XL: |  1  2  3  4  5  6 |
---------------+-------------------+-----
Fighting       | 2 3 |  3.9
Stealth        | 6 7 8 |  8.4
Throwing       | 2 3 |  3.5
Short Blades   | 3 4 |  4.7
Dodging        | |  1.1

Action                   |  1- 3 |  4- 6 |  7- 9 || total
-------------------------+-------+-------+-------++-------
Melee: Dagger            |    74 |   241 |    12 ||   327
       Bite              |     4 |    12 |     1 ||    17
Throw: Dart              |       |    40 |       ||    40
  Use: Scroll            |       |     5 |     1 ||     6
       Potion            |       |     5 |       ||     5
 Stab: Sleeping          |    13 |    18 |     1 ||    32
       Distracted        |     1 |       |       ||     1
       Invisible         |       |     1 |       ||     1
Armor: Robe              |    18 |    56 |       ||    74
Dodge: Dodged            |    43 |   191 |     6 ||   240

Table legend:
 A = Non-vault XP
 B = Vault XP
 C = Vault XP percentage of total XP
 D = Non-vault monster count
 E = Vault monster count
 F = Vault count percentage of total count
                 A         B        C        D         E       F
            +---------+---------+-------+---------+---------+-------
      Total |     852 |      23 |   2.6 |      90 |       8 |   8.2
            +---------+---------+-------+---------+---------+-------
        D:1 |      41 |       0 |   0.0 |      22 |       0 |   0.0
        D:2 |     165 |       0 |   0.0 |      26 |       0 |   0.0
        D:3 |     128 |      12 |   8.6 |      22 |       7 |  24.1
        D:4 |      52 |       0 |   0.0 |       2 |       0 |   0.0
        D:5 |     215 |      11 |   4.9 |       4 |       1 |  20.0
        D:6 |     238 |       0 |   0.0 |      13 |       0 |   0.0
        D:7 |      13 |       0 |   0.0 |       1 |       0 |   0.0
            +---------+---------+-------+---------+---------+-------
